 Dungeon Crawl Stone Soup version 0.31-a0-997-g9a2f3ffc92 (webtiles) character file.

Game seed: 6775406862741410197

163 Dirtsage the Ruffian (level 5, -4/55 HPs)
             Began as a Demonspawn Shapeshifter on Nov 7, 2023.
             Was an Initiate of Wu Jian.
             Slain by Grinder (5 damage)
             ... on level 5 of the Dungeon.
             The game lasted 00:04:47 (3123 turns).

Dirtsage the Ruffian (Demonspawn Shapeshifter)      Turns: 3123, Time: 00:04:48

Health: -4/55      AC:  5    Str: 17    XL:     5   Next: 20%
Magic:  0/5        EV: 11    Int:  8    God:    Wu Jian [......]
Gold:   111        SH:  0    Dex: 12    Spells: 4/4 levels left

rFire   . .          .
                       - Unarmed
rCold   . . .        (no shield)
rNeg    . . .        h - +0 ring mail
rPois   .            (helmet currently unavailable)
rElec   .            (cloak currently unavailable)
rCorr   +            (gloves currently unavailable)
SInv    .            (boots currently unavailable)
Will    ++...        l - necklace of Bloodlust {Fury *Rage Will++ Int-3 Slay+6} Stlth
                     C - ring of resist corrosion
HPRegen 0.29/turn    (no ring)
MPRegen 0.18/turn

%: random rage (50%), guardian spirit
@: berserking, beast-form, very quick
A: beast (slay +2), claws 1, magic shield, magic regeneration
a: Begin Untransformation, Renounce Religion


You were on level 5 of the Dungeon.
You worshipped Wu Jian.
Wu Jian was noncommittal.
You were a hulking beast.
You visited 2 branches of the dungeon, and saw 6 of its levels.

You collected 111 gold pieces.

Inventory:

Armour
 a - a +0 animal skin
 h - a +0 ring mail (worn)
 p - a +0 pair of boots
Jewellery
 l - the necklace of Bloodlust (around neck) {Fury *Rage Will++ Int-3 Slay+6}
   (You found it on level 3 of the Dungeon)

   [amulet of nothing]

   Fury:      It extends the wearer's berserk rage when killing foes.
   Int-3:     It affects your intelligence (-3).
   Slay+6:    It affects your accuracy & damage with ranged weapons and melee
   (+6).
   Will++:    It greatly increases your willpower.
   *Rage:     It berserks you when you make melee attacks (+50% chance).
 C - a ring of resist corrosion (left claw)
Talismans
 c - a beast talisman
 d - a flux talisman
 i - a dragon-blood talisman
 k - a serpent talisman
Wands
 v - a wand of mindburst (14)
Scrolls
 f - 4 scrolls of brand weapon {unknown}
 g - 5 scrolls of identify {unknown}
 j - 2 scrolls of silence {unknown}
 m - a scroll of amnesia {unknown}
 o - a scroll of immolation {unknown}
 s - a scroll of torment {unknown}
 t - a scroll of summoning {unknown}
 u - a scroll of fog {unknown}
 w - a scroll of teleportation {unknown}
 x - a scroll of poison {unknown}
Potions
 b - a potion of lignification
 e - a potion of might {unknown}
 n - a potion of berserk rage {unknown}
 q - a potion of magic {unknown}
 r - a potion of attraction {unknown}


   Skills:
 - Level 1.0 Fighting
 - Level 1.7 Dodging
 * Level 4.7 Unarmed Combat
 + Level 3.6 Shapeshifting


You had 4 spell levels left.
You didn't know any spells.
Your spell library contained the following spells:

 Spells                   Type           Power      Damage    Failure   Level
 Necrotise                Necr           0%         1d4       63%         1
 Dazzling Flash           Conj/Hex       0%         N/A       94%         3
 Hailstorm                Conj/Ice       0%         3d3       94%         3
 Vampiric Draining        Necr           0%         2d6       94%         3
 Volatile Blastmotes      Fire/Tloc      0%         2d10      94%         3
 Fulminant Prism          Conj/Hex       0%         3d5       100%        4
 Iskenderun's Mystic Bla  Conj/Tloc      0%         2d3       100%        4
 Summon Ice Beast         Ice/Summ       0%         N/A       100%        4
 Agony                    Necr           0%         N/A       100%        5
 Simulacrum               Ice/Necr       0%         N/A       100%        6
 Starburst                Conj/Fire      0%         6d3       100%        6
 Maxwell's Capacitive Co  Air            0%         ∞         100%        8


Dungeon Overview and Level Annotations

Branches:
Dungeon (5/15)             Temple (1/1) D:4

Altars:
Ashenzari
Cheibriados
Dithmenos
Fedhas
Hepliaklqana
Kikubaaqudgha
Makhleb
Okawaru
Qazlal
Sif Muna
Trog
Uskayaw
Vehumet
Wu Jian
Xom
Yredelemnul

Shops:
D:1 (

Annotations:
D:5 Grinder


Innate Abilities, Weirdness & Mutations

You are a hulking beast.
Your limbs bulge with bestial killing power. (Slay +2)
You have sharp fingernails.
When hurt, damage is shared between your health and your magic reserves.
You regenerate magic rapidly.


Message History

Grinder blinks!
You continue putting on the necklace of Bloodlust {Fury *Rage Will++ Int-3 Slay+6}. x2
Grinder says, "DUCK!"
Grinder blinks!
You finish putting on the necklace of Bloodlust {Fury *Rage Will++ Int-3 Slay+6}.
You feel stupid.
l - the necklace of Bloodlust (around neck) {Fury *Rage Will++ Int-3 Slay+6} You take 7 damage, and have 13/37 hp.
You now have 2/5 mp.
You scratch Grinder but do no damage. Your claw misses Grinder.
Grinder is lightly wounded.
Grinder hits you.
* * * LOW HITPOINT WARNING * * *
You writhe in agony.
* * * LOW HITPOINT WARNING * * *
You take 9 damage, and have 5/37 hp.
MASSIVE DAMAGE!!
You now have 0/5 mp.
You scratch Grinder.
Grinder is lightly wounded.
Grinder misses you.
You claw Grinder!
Grinder is moderately wounded.
Grinder hits you but does no damage.
A red film seems to cover your vision as you go berserk!
You feel yourself moving faster!
You feel mighty!
You closely miss Grinder.
Grinder is moderately wounded.
Grinder hits you but does no damage.
You now have 8/55 hp.
You mangle Grinder!!
Grinder is almost dead.
You closely miss Grinder.
Grinder is almost dead.
Grinder closely misses you.
You barely miss Grinder. Your claw misses Grinder.
Grinder is almost dead.
You barely miss Grinder.
Grinder is almost dead.
Grinder hits you!
* * * LOW HITPOINT WARNING * * *
You writhe in agony.
You die...
Grinder says, "Now the real fun starts!"

.........
#....... .
#.....$
..#.....## ##
..(......##.###
..............#
.......$....#
............###
<.....5h......#
..............#
..#.#......>..#
.....
#####......##
..... ##......#
..... #.....##
.§...###
##....##
......##
###....#
#....####...#..#


You could see Grinder.

Vanquished Creatures
  An orc priest (D:3)
  An iguana (D:5)
  5 adders
  3 orcs (D:3)
  9 ball pythons
  4 endoplasms
  2 giant cockroaches
  6 goblins
  5 hobgoblins
  3 jackals (D:1)
  3 quokkas
  3 bats
  3 frilled lizards
  6 kobolds
  3 rats
57 creatures vanquished.

Notes
Turn   | Place    | Note
-------+----------+-------------------------------------------
     0 | D:1      | Dirtsage the Demonspawn Shapeshifter began the quest for
                  | the Orb.
     0 | D:1      | Reached XP level 1. HP: 15/15 MP: 1/1
    65 | D:1      | Reached skill level 3 in Unarmed Combat
    75 | D:1      | Gained mutation: You have sharp fingernails. [demonic
                  | ancestry]
    75 | D:1      | Reached XP level 2. HP: 14/21 MP: 2/2
   357 | D:1      | Found Giac's Weapon Emporium.
   449 | D:1      | Gained mutation: You regenerate magic rapidly. [demonic
                  | ancestry]
   449 | D:1      | Reached XP level 3. HP: 26/26 MP: 3/3
   463 | D:1      | You fall into a shaft and drop 1 floor!
  1428 | D:2      | Reached skill level 4 in Unarmed Combat
  1428 | D:2      | Gained mutation: When hurt, damage is shared between your
                  | health and your magic reserves. [demonic ancestry]
  1428 | D:2      | Reached XP level 4. HP: 32/32 MP: 4/4
  1576 | D:3      | Found the necklace of Bloodlust {Fury *Rage Will++ Int-3
                  | Slay+6}
  2118 | D:4      | Found a staircase to the Ecumenical Temple.
  2160 | Temple   | Entered the Ecumenical Temple
  2214 | Temple   | Became a worshipper of the Wu Jian Council
  3042 | D:5      | Entered Level 5 of the Dungeon
  3057 | D:5      | Reached XP level 5. HP: 34/37 MP: 5/5
  3082 | D:5      | Noticed Grinder
  3123 | D:5      | HP: 1/55 [Grinder (8)]
  3123 | D:5      | Slain by Grinder

Illustrated notes

Levels and vault maps discovered:
D:1:      sevenhm_arrival_forest_fort_large_2, layout_rooms, serial_shops,
          nicolae_shop_bloodbath_and_beyond
D:2:      layout_loops_corners, ebering_dispersal_statue_hall
D:3:      layout_rooms
D:4:      layout_basic, minmay_temple_entry_wispy
D:5:      layout_cave_pools, nicolae_shop_sticking_my_neck_out, uniq_grinder
Temple:   compressed_dpeg_triangle_lava_temple

Skill      XL: |  1  2  3 |
---------------+----------+-----
Unarmed Combat | 3 4 |  4.7
Shapeshifting  | 3 |  3.6
Fighting       | |  1.0
Dodging        | |  1.7

Action                     |  1- 3 |  4- 6 || total
---------------------------+-------+-------++-------
  Melee: Unarmed           |    98 |    51 ||   149
         Punch             |       |     1 ||     1
Ability: Lunge             |       |     1 ||     1
   Stab: Sleeping          |     1 |       ||     1
 Armour: Animal skin       |    12 |       ||    12
         Ring mail         |    34 |    31 ||    65
  Dodge: Dodged            |    50 |    18 ||    68

Table legend: (Time is in decaauts)
 A = Elapsed time spent in this place.
 B = Non-inter-level travel time spent in this place.
 C = Inter-level travel time spent in this place.
 D = Time resting spent in this place.
 E = Time spent auto-exploring this place.
 F = Levels seen in this place.
 G = Mean time per level.
                   A        B        C        D        E       F      G
               +--------+--------+--------+--------+--------+-----+--------+
         Total |   3189 |   2985 |    204 |    223 |   2353 |   6 |  531.5 |
       Dungeon |   3116 |   2954 |    162 |    223 |   2353 |   5 |  623.2 |
        Temple |     73 |     31 |     42 |      0 |      0 |   1 |   73.0 |
               +--------+--------+--------+--------+--------+-----+--------+

Top non-repeatable levels by time:
     D:4: 911 daAuts
     D:2: 859 daAuts
     D:1: 676 daAuts
     D:3: 590 daAuts
     D:5: 78 daAuts
  Temple: 73 daAuts
